 Dungeon Crawl Stone Soup version 0.26-a0-215-g1b87330c0f (webtiles) character file.

Game seed: 1908047821642466906

172 Ijustatesigmund the Chopper (level 5, -8/55 HPs)
             Began as an Octopode Gladiator on July 6, 2020.
             Mangled by an ogre
             ... wielding a cursed +0 giant club
              (15 damage)
             ... on level 4 of the Dungeon.
             The game lasted 00:04:03 (1869 turns).

Ijustatesigmund the Chopper (Octopode Gladiator)    Turns: 1869, Time: 00:04:03

Health: -8/55      AC: 22    Str: 13    XL:     5   Next: 53%
Magic:  5/5        EV:  2    Int: 16    God:
Gold:   126        SH:  0    Dex: 21    Spells: 4/4 levels left

rFire    + . .     SeeInvis .   a - +0 war axe
rCold    . . .     Faith    .   (no shield)
rNeg     + + +     Spirit   .   (helmet currently unavailable)
rPois    +         Reflect  .   (no amulet)
rElec    .         Harm     .   f - +6 ring of dexterity
rCorr    .         NoTele   +   k - ring of protection from fire
MR       .....                  l - +6 ring of intelligence
Stlth    ++........             p - +4 ring of evasion (curse)
HPRegen  0.18/turn              (no ring)
MPRegen  0.09/turn              (no ring)
                                (no ring)
                                (no ring)

@: tree-form
A: almost no armour, stealthy swim, (amphibious), 8 rings, (constrict 8)
a: no special abilities


You were on level 4 of the Dungeon.
You were not hungry.
You were a tree.
You visited 1 branch of the dungeon, and saw 4 of its levels.

You collected 126 gold pieces.

Inventory:

Hand Weapons
 a - a +0 war axe (weapon)
Missiles
 c - 3 throwing nets
 j - 23 poisoned darts (quivered)
Armour
 b - a +1 hat (melded)
Jewellery
 f - a +6 ring of dexterity (left branch)
 k - a ring of protection from fire (right branch)
 l - a +6 ring of intelligence (on tentacle)
 p - a cursed +4 ring of evasion (on tentacle)
Scrolls
 h - a scroll of remove curse
 o - a scroll of fog
Potions
 i - a potion of resistance
Comestibles
 d - 4 rations


   Skills:
 + Level 4.1 Fighting
 + Level 4.7 Axes
 - Level 2.0 Throwing
 - Level 3.0 Dodging


You had 4 spell levels left.
You didn't know any spells.
Your spell library was empty.

Dungeon Overview and Level Annotations

Branches:
Dungeon (4/15)
 Temple: D:4-7

Altars:
Ashenzari
Cheibriados
Fedhas
Uskayaw
Zin
The Shining One


Innate Abilities, Weirdness & Mutations

You cannot wear most types of armour.
You are very stealthy in the water. (Stealth+)
((You are amphibious.))
You can wear up to eight rings at the same time.
((You can use your tentacles to constrict eight enemies at once.))
((Your skin changes colour to match your surroundings (Stealth+).))
((Your rubbery body absorbs attacks. (AC +1, EV +1)))


Message History

The worker ant bites you but does no damage.
The worm bites you.
* * * LOW HITPOINT WARNING * * *
You feel better. The ogre hits you but does no damage.
The orc hits you but does no damage.
The worker ant bites you but does no damage.
You hit the ogre.
The ogre is heavily wounded.
You barely miss the worker ant. You hit the worm. You hit the orc.
You kill the orc!
The worker ant bites you but does no damage.
The ogre hits you with a cursed +0 giant club.
* * * LOW HITPOINT WARNING * * *
The worm bites you but does no damage.
You hit the ogre.
The ogre is heavily wounded.
You slash the worm! You slash the worker ant!
The worker ant bites you but does no damage.
The ogre hits you with a cursed +0 giant club!
You die...

#.# .. ..## .#
...## ..###
...##.....
.........
###.......#
##..<.......
#..##.w.o.......
......)♣a.#.....
.......O.#......
................
.......##.......
##....# #......
#..## .#....
#..# .##..# #..
#.


You could see an ogre, a worm, a worker ant and an orc wizard (fast).

Vanquished Creatures
  An orc wizard (D:4)
  Terence (D:2)
  5 adders
  An ooze (D:1)
  3 worms
  2 dart slugs
  5 orcs
  3 ball pythons
  5 giant cockroaches
  8 goblins
  4 hobgoblins
  6 jackals (D:1)
  A quokka (D:3)
  3 bats
  A frilled lizard (D:1)
  3 kobolds
  2 rats (D:3)
54 creatures vanquished.

Notes
Turn   | Place    | Note
-------+----------+-------------------------------------------
     0 | D:1      | Ijustatesigmund the Octopode Gladiator began the quest for
                  | the Orb.
     0 | D:1      | Reached XP level 1. HP: 14/14 MP: 1/1
   360 | D:1      | Reached XP level 2. HP: 20/20 MP: 2/2
   731 | D:2      | Reached XP level 3. HP: 25/25 MP: 3/3
  1000 | D:2      | Noticed Terence
  1006 | D:2      | Killed Terence
  1006 | D:2      | Reached XP level 4. HP: 29/31 MP: 4/4
  1142 | D:2      | Found a glowing golden altar of the Shining One.
  1143 | D:2      | Found a shattered altar of Ashenzari.
  1144 | D:2      | Found a glowing silver altar of Zin.
  1144 | D:2      | Found a snail-covered altar of Cheibriados.
  1146 | D:2      | Found a hide-covered altar of Uskayaw.
  1146 | D:2      | Found a blossoming altar of Fedhas.
  1716 | D:3      | Reached XP level 5. HP: 36/37 MP: 5/5
  1860 | D:4      | Noticed an ogre
  1869 | D:4      | Mangled by an ogre

Illustrated notes

Levels and vault maps discovered:
D:1:      erik_arrival_orb_chamber, layout_rooms, minmay_misc_feat_enclosed
D:2:      layout_basic, grunt_temple_overflow_open, uniq_terence
D:3:      layout_basic, first_ration, chequers_serial_rivers_marsh,
          grunt_ministairs_3, uniq_grinder
D:4:      layout_layer_cave, eino_tiny_chamber, solitary_fountain

Skill      XL: |  1  2  3  4  5 |
---------------+----------------+-----
Fighting       | 3 4 |  4.1
Axes           | 4 |  4.7
Throwing       | |  2.0
Dodging        | |  3.0

Action                   |  1- 3 |  4- 6 || total
-------------------------+-------+-------++-------
Melee: War axe           |    35 |    55 ||    90
       Tentacles         |     9 |    19 ||    28
       Constrict         |    12 |    17 ||    29
Throw: Dart              |     3 |       ||     3
  Use: Scroll            |     5 |     3 ||     8
       Potion            |       |     7 ||     7
 Stab: Sleeping          |     1 |     9 ||    10
  Eat: Ration            |       |     1 ||     1
Armor: Skin              |     3 |    20 ||    23
Dodge: Dodged            |    22 |    63 ||    85

Table legend:
 A = Non-vault XP
 B = Vault XP
 C = Vault XP percentage of total XP
 D = Non-vault monster count
 E = Vault monster count
 F = Vault count percentage of total count
                 A         B        C        D         E       F
            +---------+---------+-------+---------+---------+-------
      Total |     211 |      36 |  14.6 |      53 |       1 |   1.9
            +---------+---------+-------+---------+---------+-------
        D:1 |      29 |       0 |   0.0 |      15 |       0 |   0.0
        D:2 |      83 |      36 |  30.3 |      17 |       1 |   5.6
        D:3 |      53 |       0 |   0.0 |      18 |       0 |   0.0
        D:4 |      46 |       0 |   0.0 |       3 |       0 |   0.0
            +---------+---------+-------+---------+---------+-------
